AoeStats
← Pwncakes

Oasis

508926647Analyzed
2v2 RM · 7d ago on Sep 24, 2026· 16m 11s· 4 players
Game mode
Random Map
Map size
Medium (4 player)
Population
200
Speed
Normal
Resources
Standard
Victory
Conquest
Starting age
Dark Age
Ending age
Imperial Age
RankedLock teamsTeams togetherTeam positionsShared explorationLock speedFull tech treeHidden civsTurbo modeCheats
Victory
Defeat
🇹🇷 Saxons · Türkiye
1406
+26
🇺🇸 Varangians · United States
1397
+16
🇫🇷 Khmer · France
1449
-17
🇮🇪 Malay · Ireland
1366
-15
Pwncakes
4:32 Loom
9:34 Feudal Age
10:22 Horse Collar
10:50 Loom
11:15 Double-Bit Axe
14:20 Wheelbarrow
14:47 Bloodlines
zizu
6:23 Loom
8:49 Feudal Age
9:46 Double-Bit Axe
10:38 Horse Collar
14:16 Fletching
18:50 Castle Age
EweRwoRld
9:58 Loom
12:24 Feudal Age
11:33 Man-at-Arms
12:23 Arson
16:23 Wheelbarrow
15:51 Fletching
Dedpool_Aoe
9:28 Feudal Age
10:44 Double-Bit Axe
12:13 Horse Collar
14:40 Loom
Connection lost

Rejoining the realm…

Still unreachable

The connection could not be restored.

Session expired

The server has moved on; the page needs a fresh start.